 Dungeon Crawl Stone Soup version 0.30-a0-373-gd37427bb62 (webtiles) character file.

Game seed: 16483518466946267307

1120 KennySheep the Conjurer (level 7, -6/50 HPs)
             Began as a Demigod Conjurer on Nov 24, 2022.
             Killed from afar by a gargoyle (20 damage)
             ... with a stone arrow
             ... on level 6 of the Dungeon.
             The game lasted 00:12:20 (5416 turns).

KennySheep the Conjurer (Demigod Conjurer)          Turns: 5416, Time: 00:12:20

Health: -6/50      AC:  3    Str:  8    XL:     7   Next: 88%
Magic:  3/15       EV: 11    Int: 28    God:
Gold:   227        SH:  7    Dex: 12    Spells: 6/13 levels left

rFire   . . .      SeeInvis .    d - +0 dagger
rCold   . . .      Faith    .    l - +3 buckler
rNeg    . . .      Spirit   .    a - +0 robe
rPois   .          Reflect  .    e - +0 helmet
rElec   .          Harm     .    (no cloak)
rCorr   .          Rampage  .    (no gloves)
Will    .....                    (no boots)
Stlth   ++........               (no amulet)
HPRegen 0.28/turn                (no ring)
MPRegen 0.14/turn                (no ring)

@: no status effects
A: high MP 1, forlorn, divine attributes
a: no special abilities


You were on level 6 of the Dungeon.
You visited 1 branch of the dungeon, and saw 6 of its levels.

You collected 227 gold pieces.

Inventory:

Hand Weapons
 d - a +0 dagger (weapon)
Armour
 a - a +0 robe (worn)
 e - a +0 helmet (worn)
 l - a +3 buckler (worn)
Magical Staves
 s - a staff of earth
Jewellery
 o - an amulet of regeneration
Scrolls
 b - a scroll of poison {unknown}
 c - 2 scrolls of identify {unknown}
 n - a scroll of immolation {unknown}
 p - a scroll of enchant armour
 v - a scroll of summoning {unknown}
 w - a scroll of noise {unknown}
Potions
 f - 2 potions of curing
 h - a potion of might {unknown}
 i - a potion of attraction {unknown}
 j - a potion of degeneration {unknown}
 k - a potion of lignification {unknown}
 m - a potion of heal wounds {unknown}
 q - a potion of resistance {unknown}
 r - a potion of ambrosia {unknown}
 t - a potion of flight {unknown}


   Skills:
 - Level 1.7 Dodging
 - Level 1.7 Stealth
 + Level 2.7 Shields
 + Level 3.7 Spellcasting
 * Level 6.3 Conjurations
 * Level 4.9 Translocations


You had 6 spell levels left.
You knew the following spells:

 Your Spells              Type           Power      Damage    Failure   Level
a - Magic Dart            Conj           100%       1d8       1%          1
b - Searing Ray           Conj           82%        2d7       1%          2
c - Iskenderun's Mystic   Conj/Tloc      37%        2d9       10%         4

Your spell library contained the following spells:

 Spells                   Type           Power      Damage    Failure   Level
 Apportation              Tloc           66%        N/A       1%          1
 Dazzling Flash           Conj/Hex       46%        N/A       9%          3
 Necrotise                Necr           20%        1d5       10%         1
 Summon Small Mammal      Summ           20%        N/A       10%         1
 Fulminant Prism          Conj/Hex       11%        3d8       26%         4


Dungeon Overview and Level Annotations

Branches:
Dungeon (6/15)             Temple (0/1) D:5

Annotations:
D:4 2 transporters, 1 runed translucent door, Crazy Yiuf; baller8008's ghost, novice HOFi
D:5 1 runed translucent door, Eustachio
D:6 Pikel


Innate Abilities, Weirdness & Mutations

You have an increased reservoir of magic. (+10% MP)
You shall have no god before yourself.
Your divine heritage dramatically boosts your attributes as you level up.


Message History

You completely miss the lemure.
The lemure is almost dead.
You block the lemure's attack.
You closely miss the lemure.
The lemure is almost dead.
The lemure barely misses you. You block the lemure's attack.
You barely miss the lemure.
The lemure is almost dead.
The lemure hits you.
Okay, then.
As you read the scroll of teleportation, it crumbles to dust.
You feel strangely unstable. The lemure barely misses you.
You block the lemure's attack. The lemure attacks as you move away!
The lemure misses you.
Your surroundings suddenly seem different. 2 orcs come into view.
An orc is wielding a +0 short sword, wearing a +0 leather armour of fire resistance and carrying a wand of flame (11).
Pikel shouts!
You hear an angry hiss. x2
Pikel zaps a wand.
You block the puff of flame.
The orc shouts!
The orc shouts!
You hear a shout! x3
An ogre comes into view. It is wielding a +0 giant club.
The ogre shouts!
The orc zaps a wand.
The puff of flame misses you.
An orc wizard comes into view. It is wielding a +0 dagger.
Pikel says, "You'll feel the lick of my whip!"
The lemure shouts!
The orc zaps a wand.
The puff of flame hits you.
The orc zaps a wand.
The puff of flame hits you.
Pikel hits the bush but does no damage.
You block the gargoyle's attack. The orc barely misses you.
The orc hits you from afar with a +0 trident.
Pikel zaps a wand.
You block the puff of flame.
The gargoyle hurls a stone arrow at you.
You block the stone arrow.
Pikel zaps a wand.
The puff of flame hits you.
* * * LOW HITPOINT WARNING * * *
The gargoyle hurls a stone arrow at you.
The stone arrow hits you!!
You die...

###### #....## ##.##..## ######
#P.P#...#
#.5..####≈.≈##.5##############
##.♣.♣[##≈≈.≈≈###.............#
##.....P≈≈≈.≈9≈P#.#..##....##.
##..8..)...noo5.@.#....<....#
.#.....P≈≈≈§§§§P#.#.###)....#
#.♣.♣.##≈≈§≈§###.... ..#.#....
#....####≈.§## #.#.###.#.# ...
####### #P.P# #.......#.# ..
####...####K###.#...###.# # .
.......oK..O..O....# ###
#####..########..... #.## ..


You could see a gargoyle, a lemure, a necrophage and 2 orcs.

Vanquished Creatures
  A black bear (D:4)
  An ogre (D:4)
  3 scorpions
  A necrophage (D:5)
  3 jellies
  An orc priest (D:4)
  2 hounds
  5 orc wizards
  A human skeleton (D:5)
  2 iguanas (D:5)
  8 adders
  8 gnolls
  2 river rats (D:4)
  A white imp (D:5)
  7 worms (D:4)
  5 dart slugs
  24 orcs
  11 ball pythons
  6 endoplasms
  5 giant cockroaches
  6 goblins
  9 hobgoblins
  2 jackals (D:3)
  4 quokkas
  7 bats
  2 frilled lizards
  A jackal skeleton (D:5)
  5 kobolds
  7 rats
140 creatures vanquished.

Vanquished Creatures (others)
  2 toadstools (D:1)
2 creatures vanquished.

Grand Total: 142 creatures vanquished

Notes
Turn   | Place    | Note
-------+----------+-------------------------------------------
     0 | D:1      | KennySheep the Demigod Conjurer began the quest for the
                  | Orb.
     0 | D:1      | Reached XP level 1. HP: 14/14 MP: 5/5
   297 | D:1      | Reached XP level 2. HP: 20/20 MP: 1/7
   329 | D:1      | Learned a level 2 spell: Searing Ray
   452 | D:1      | Reached skill level 1 in Translocations
   659 | D:1      | Reached skill level 4 in Conjurations
   816 | D:1      | You fall into a shaft and drop 1 floor!
   948 | D:2      | Reached XP level 3. HP: 26/26 MP: 4/8
  1805 | D:3      | Reached XP level 4. HP: 33/33 MP: 2/10
  1815 | D:2      | Learned a level 4 spell: Iskenderun's Mystic Blast
  2592 | D:4      | Noticed an ogre
  2650 | D:4      | Noticed baller8008's ghost (novice HOFi)
  2657 | D:4      | Found a transporter.
  2750 | D:4      | Reached XP level 5. HP: 38/38 MP: 6/11
  2947 | D:4      | Reached skill level 1 in Shields
  2947 | D:4      | Reached skill level 5 in Conjurations
  3001 | D:4      | Reached XP level 6. HP: 45/45 MP: 0/13
  3812 | D:4      | Reached XP level 7. HP: 23/50 MP: 6/15
  4015 | D:4      | Found a transporter.
  4101 | D:4      | Found a runed translucent door.
  4102 | D:4      | Noticed Crazy Yiuf
  4295 | D:5      | Entered Level 5 of the Dungeon
  4373 | D:5      | Found a runed translucent door.
  4373 | D:5      | Noticed a human
  4601 | D:5      | Reached skill level 6 in Conjurations
  5155 | D:5      | Found a staircase to the Ecumenical Temple.
  5263 | D:5      | Noticed Eustachio
  5325 | D:6      | Noticed Pikel
  5361 | D:6      | Noticed a gargoyle
  5416 | D:6      | Killed from afar by a gargoyle

Illustrated notes

Levels and vault maps discovered:
D:1:      ncdulo_halloftheorcs, layout_basic, minmay_gold_behind_fungi
D:2:      layout_loops_ring, minmay_misc_feat_encased
D:3:      layout_basic, gammafunk_temple_overflow_pools, minmay_misc_feat_tiny
D:4:      layout_loops_ring, lightli_sewer_entry_pipes, gammafunk_ghost_arena,
          kennysheep_generic_room_7, uniq_crazy_yiuf_cottage
D:5:      layout_loops_ring, mainiacjoe_overflow_surrounded_room,
          dk_yredelemnul_ordeal, temple_doors_cd, ebering_ghost_reflecting_pool,
          uniq_eustachio
D:6:      minmay_chambers_of_sixes, layout_basic, dreamdust_princess_bridge,
          kennysheep_flooded_box, chequers_jeans, uniq_blork_the_orc, uniq_pikel

Skill      XL: |  1  2  3  4  5  6  7 |
---------------+----------------------+-----
Translocations | 1 2 3 4 |  4.9
Spellcasting   | 2 3 |  3.7
Conjurations   | 4 5 6 |  6.3
Shields        | 1 2 |  2.7
Dodging        | |  1.7
Stealth        | |  1.7

Action                   |  1- 3 |  4- 6 |  7- 9 || total
-------------------------+-------+-------+-------++-------
Melee: Unarmed           |    14 |       |       ||    14
       Dagger            |     7 |    15 |    19 ||    41
 Cast: Magic Dart        |    85 |    68 |    57 ||   210
       Searing Ray       |     2 |    25 |    12 ||    39
       Iskenderun's Myst |       |       |     2 ||     2
  Use: Scroll            |       |     4 |     2 ||     6
       Potion            |       |     3 |       ||     3
Armor: Robe              |     9 |    18 |     5 ||    32
Dodge: Dodged            |    25 |    18 |    26 ||    69
Block: Buckler           |       |    12 |    22 ||    34

Table legend: (Time is in decaauts)
 A = Elapsed time spent in this place.
 B = Non-inter-level travel time spent in this place.
 C = Inter-level travel time spent in this place.
 D = Time resting spent in this place.
 E = Time spent auto-exploring this place.
 F = Levels seen in this place.
 G = Mean time per level.
                   A        B        C        D        E       F      G
               +--------+--------+--------+--------+--------+-----+--------+
         Total |   5445 |   5324 |    121 |    558 |   3694 |   6 |  907.5 |
       Dungeon |   5445 |   5324 |    121 |    558 |   3694 |   6 |  907.5 |
               +--------+--------+--------+--------+--------+-----+--------+

Top non-repeatable levels by time:
     D:4: 1506 daAuts
     D:2: 1059 daAuts
     D:5: 1016 daAuts
     D:3: 941 daAuts
     D:1: 815 daAuts
     D:6: 104 daAuts
